 Dungeon Crawl Stone Soup version 0.17.1-1-g73c8601 (console) character file.

257 Cab the Grave Robber (level 5, -2/42 HPs)
             Began as a Deep Dwarf Necromancer on Dec 20, 2015.
             Slain by DeXoteric's ghost (11 damage)
             ... on level 3 of the Dungeon.
             The game lasted 00:14:57 (3166 turns).

Cab the Grave Robber (Deep Dwarf Necromancer)       Turns: 3166, Time: 00:14:57

Health: -2/42      AC:  2    Str: 17    XL:     5   Next: 93%
Magic:  8/9        EV: 12    Int: 16    God:
Gold:   157        SH:  0    Dex: 13    Spells: 2 memorised, 6 levels left

rFire  . . .     SeeInvis .     i - +2 whip
rCold  . . .     Clarity  .     a - +0 robe
rNeg   . . .     SustAt   .     (no shield)
rPois  .         Gourm    .     (no helmet)
rElec  .         Spirit   .     (no cloak)
rCorr  .         Warding  .     (no gloves)
rMut   .         Stasis   .     (no boots)
MR     .....                    (no amulet)
Stlth  ++........               (no ring)
                                (no ring)

@: mighty, non-regenerating, not resistant to hostile enchantments, unstealthy
A: damage resistance, recharge devices, sense surroundings 1, slow regeneration
3
a: Device Recharging


You were on level 3 of the Dungeon.
You were not hungry.

You visited 1 branch of the dungeon, and saw 4 of its levels.

You collected 157 gold pieces.

Inventory:

Hand Weapons
 i - a +2 whip (weapon)
Armour
 a - a +0 robe (worn)
Wands
 c - a wand of heal wounds (2)
Scrolls
 h - 2 scrolls of teleportation
Potions
 e - 2 potions of lignification
 l - a potion of cure mutation
 m - a potion of might
Books
 b - a book of Necromancy

   Spells                             Type                      Level
   a - Pain                           Necromancy                   1
   b - Animate Skeleton               Necromancy                   1
   c - Vampiric Draining              Necromancy                   3
   d - Regeneration                   Charms/Necromancy            3
   e - Animate Dead                   Necromancy                   4
   f - Control Undead                 Necromancy                   4
Comestibles
 d - 4 bread rations
 f - 5 chunks of flesh
 g - 5 fruits
 j - a beef jerky


   Skills:
 * Level 1.6 Maces & Flails
 - Level 2.1 Dodging
 - Level 2.4 Stealth
 - Level 3.0 Spellcasting
 * Level 6.8 Necromancy


You had 6 spell levels left.
You knew the following spells:

 Your Spells              Type           Power        Failure   Level  Hunger
a - Pain                  Necr           ###.         1%          1    #......
b - Vampiric Draining     Necr           ###.......   3%          3    ###....


Dungeon Overview and Level Annotations

Branches:
Dungeon (4/15)
 Temple: D:4-7

Altars:

Annotations:
D:3 DeXoteric's ghost, amateur TrMo


Innate Abilities, Weirdness & Mutations

You are resistant to damage.
You can recharge devices by infusing magical energy.
You passively map a small area around you.
You do not regenerate naturally.


Message History

Eat one of 6 chunks of flesh? (ye/n/q/i?) This raw flesh tastes terrible.
You continue eating. x2
h - 2 scrolls of teleportation You swap places.
Things that are here:
a short sword; a spear
There is a stone staircase leading up here.
You climb upwards.
Level annotation: DeXoteric's ghost, amateur TrMo The gnoll barely misses you.
DeXoteric's ghost hits you!!
* * * LOW HITPOINT WARNING * * *
The rat closely misses you.
There is a stone staircase leading down, spattered with blood here.
Unknown command.
Unknown command.
The gnoll hits you from afar with a spear.
* * * LOW HITPOINT WARNING * * *
DeXoteric's ghost hits you!
You die...

▒▒▒▒▒▒▒▒ ▒ ▒▒∙∙∙∙∙∙▒▒
▒ ▒▒<∙∙∙∙∙∙∙▒▒ ▒▒▒
▒∙∙∙∙∙>∙∙∙∙▒▒▒▒▒▒▒▒∙∙
▒∙∙gr∙∙∙∙∙∙∙))∙∙∙∙∙∙∙
▒∙∙∙∙W∙∙∙∙∙▒▒▒▒▒▒∙▒▒▒
▒∙∙∙@∙∙∙∙∙g▒▒▒▒▒∙∙▒
▒∙∙∙∙∙∙∙∙∙∙∙∙∙▒▒∙▒▒▒▒
▒▒∙∙∙∙∙∙∙∙▒▒▒∙∙W∙∙∙∙∙
▒▒∙∙∙∙∙∙▒▒▒▒▒∙∙▒▒▒▒▒
▒▒▒▒▒▒▒▒▒∙∙∙∙▒▒
▒▒∙▒▒▒∙∙∙▒▒▒▒
▒▒▒∙∙∙∙∙∙▒▒▒
▒∙∙∙∙∙∙∙▒▒ ▒∙∙∙∙∙∙∙▒


You could see DeXoteric's ghost, 2 gnolls and a rat.

Vanquished Creatures
  An orc wizard (D:3)
  11 adders
  3 gnolls
  2 oozes
  4 worms
  5 orcs (D:3)
  5 giant cockroaches
  7 goblins
  9 hobgoblins
  5 jackals
  2 quokkas
  A ball python (D:2)
  12 bats
  4 giant geckos
  4 giant newts
  8 kobolds
  4 rats
87 creatures vanquished.

Notes
Turn   | Place    | Note
--------------------------------------------------------------
     0 | D:1      | Cab the Deep Dwarf Necromancer began the quest for the Orb.
     0 | D:1      | Reached XP level 1. HP: 15/15 MP: 3/3
   122 | D:1      | Reached XP level 2. HP: 19/22 MP: 3/5
   200 | D:1      | Reached skill level 5 in Necromancy
   332 | D:1      | Reached XP level 3. HP: 22/28 MP: 0/6
   418 | D:1      | Learned a level 3 spell: Vampiric Draining
  1143 | D:2      | Reached XP level 4. HP: 21/36 MP: 0/7
  2153 | D:3      | Noticed DeXoteric's ghost (amateur TrMo)
  2172 | D:2      | Reached skill level 1 in Maces & Flails
  2205 | D:3      | Reached XP level 5. HP: 37/42 MP: 0/9
  2328 | D:3      | Reached skill level 6 in Necromancy
  3166 | D:3      | Slain by DeXoteric's ghost

Action                   |  1- 3 |  4- 6 || total
-------------------------+-------+-------++-------
Melee: Unarmed           |    34 |       ||    34
       Whip              |    64 |   136 ||   200
 Cast: Pain              |    43 |    30 ||    73
       Vampiric Draining |     5 |    38 ||    43
Evoke: Wand              |       |     3 ||     3
  Use: Scroll            |     1 |     9 ||    10
       Potion            |       |     1 ||     1
 Stab: Sleeping          |     1 |       ||     1
  Eat: Chunk             |     2 |    11 ||    13
